Unix NetHack Version 5.0.0-0 post-release - last build May 23 2026 06:08:33 (1c0ff79ee797540d5714e4e18072db0edd9e58ae,branch:main).

Game began 2026-05-26 06:02:32, ended 2026-05-27 00:14:32.

FalseGod, chaotic female orcish Barbarian

                     ---------------
                     |.............|
                    #..............|       ------        -------------
                     |............>-#######|....|       #|<..........|
                     |............(|      #.....|        ............|
                     .............`|       |.....#@@#####-...........|
                     ----.--------.-       |....|        ---.---------
                        ###       ^     ###.....|           ####
                        )               #  ------              #
                        #               #                      #
                        #   ----.-#######                      #
                       #####-....-#                            ##
                        #   |..{.|                          ----|------
                            |....|                          |.........|
                            ------                          |...?.?...|
                                                            |.........|
                                                            -----------

FalseGod the Brigand       St:18/09 Dx:16 Co:18 In:7 Wi:9 Ch:7  Chaotic
Dlvl:8  $:0  HP:0(103) Pw:22(22) AC:-1 Xp:10 T:14835  Satiated

Latest messages:
 U - an uncursed battle-axe named Cleaver (alternate weapon; not wielded).
 The mountain nymph vanishes and reappears farther away.
 U - an uncursed battle-axe named Cleaver (weapon in hands).
 You have no secondary weapon readied.
 The mountain nymph vanishes and reappears closer to you.
 You do not owe Cahersiveen anything.
 Moreover, you seem to have no gold.
 You try to feel what is lying here on the floor.
 You feel here a scroll called light (for sale, 75 zorkmids).
 You are empty handed.
 U - an uncursed battle-axe named Cleaver (alternate weapon; not wielded).
 U - an uncursed battle-axe named Cleaver (weapon in hands).
 You have no secondary weapon readied.
 You hear a nearby zap.
 You hear a nearby zap.
 The sleep ray hits the Green-elf.
 A werewolf suddenly appears!
 What do you want to use or apply? [ablsuwJMU or ?*] b
 You were wearing an uncursed blindfold.
 You can see again.
 The Green-elf zaps a balsa wand!
 The sleep ray hits the Green-elf.
 The sleep ray hits you!
 The Green-elf throws an elven dagger!
 The elven dagger hits the Green-elf.
 The Green-elf swings her elven broadsword.
 The Green-elf hits!
 The Green-elf swings her elven broadsword.
 The Green-elf hits!
 The Green-elf wields a flail!
 The Green-elf swings her elven broadsword.
 The Green-elf hits!
 The Green-elf swings her elven broadsword.
 The Green-elf hits!
 The Green-elf swings her elven broadsword.
 The Green-elf hits!
 The Green-elf swings her elven broadsword.
 The Green-elf hits!
 The Green-elf swings her elven broadsword.
 The Green-elf hits!
 The Green-elf swings her elven broadsword.
 The Green-elf hits!
 The Green-elf swings her elven broadsword.
 The Green-elf hits!
 You die...
 Do you want your possessions identified? [ynq] (y) y
 Do you want to see your attributes? [ynq] (y) y
 Do you want an account of creatures vanquished? [ynaq] (y) n
 Do you want to see your conduct and achievements? [ynq] (y) n
 Do you want to see the dungeon overview? [ynq] (y) n

Inventory:
 Amulets  ('"')
  Q - an uncursed amulet of guarding (being worn)
 Weapons  (')')
  t - a rusty thoroughly corroded +0 aklys
  U - the rustproof +0 Cleaver (weapon in hands)
 Armor    ('[')
  x - an uncursed +0 elven leather helm (being worn)
  d - an uncursed +0 pair of gauntlets of dexterity (being worn)
  Z - an uncursed +0 pair of high boots (being worn)
  W - an uncursed +0 mummy wrapping (being worn)
  r - an uncursed +0 elven mithril-coat (being worn)
 Comestibles  ('%')
  g - an uncursed lizard corpse
  C - an uncursed lizard corpse
 Scrolls  ('?')
  A - a blessed scroll of enchant weapon
  v - an uncursed scroll of enchant weapon
  i - 4 blessed scrolls of identify
  F - an uncursed scroll of punishment
  B - an uncursed scroll of remove curse
  O - an uncursed scroll of stinking cloud
  n - an uncursed scroll of teleportation
 Potions  ('!')
  G - 10 potions of holy water
 Rings    ('=')
  e - an uncursed ring of cold resistance
  S - an uncursed ring of shock resistance (on left hand)
  h - an uncursed ring of sustain ability
  q - an uncursed ring of teleport control
 Wands    ('/')
  a - a wand of digging (0:3)
  J - a wand of slow monster (0:3)
 Tools    ('(')
  M - an uncursed sack containing 21 items
  b - an uncursed blindfold
  l - an uncursed lock pick
  w - an uncursed magic whistle
  s - a cursed stethoscope
  u - a blessed +0 unicorn horn

Contents of the sack:
  1695 gold pieces
  a blessed scroll of destroy armor
  2 uncursed scrolls of earth
  a cursed scroll of earth
  2 uncursed scrolls of enchant armor
  2 uncursed scrolls of enchant weapon
  an uncursed scroll of fire
  an uncursed scroll of gold detection
  a blessed scroll of light
  a blessed scroll of magic mapping
  2 uncursed scrolls of remove curse
  an uncursed scroll of taming
  an uncursed scroll of teleportation
  a wand of cold (0:2)
  a wand of lightning (0:6)
  a wand of striking (0:0)
  a bag of tricks (0:6)
  a frost horn (0:7)
  a magic marker (0:97)
  a magic marker (0:81)
  a +0 pick-axe

FalseGod the Barbarian's attributes:

Background:
 You were a Brigand, a level 10 female orcish Barbarian.
 You were chaotic, on a mission for Set
 who was opposed by Mitra (lawful) and Crom (neutral).
 You were right-handed.
 You were in the Dungeons of Doom, on level 8.
 You entered the dungeon 14835 turns ago.
 It was the midnight hour.
 You had 6561 experience points, 3439 more were needed to attain level 11.

Basics:
 You had 0 out of 103 hit points.
 You had all 22 energy points (spell power).
 Your armor class was -1.
 Your wallet was empty, but
 you had 1695 zorkmids stashed away in your pack.
 Autopickup was off.

Final Characteristics:
 Your strength was 18/09 (limit:18/50).
 Your dexterity was 16 (peak:18, limit:18).
 Your constitution was 18 (limit:18).
 Your intelligence was 7 (limit:16).
 Your wisdom was 9 (limit:16).
 Your charisma was 7 (limit:16).

Final Status:
 You were satiated.
 You were unencumbered.
 You were wielding an axe.
 You had expert skill with axe.

Final Attributes:
 You were piously aligned.
 You were shock resistant.
 Your items were protected from electric shocks.
 You were poison resistant.
 You were telepathic.
 You had infravision.
 You were visible.
 You had a small defense bonus (+2).
 You were protected.
 Your spell casting was impaired by metallic armor.
 You were fast.
 You are dead.

Miscellaneous:
 You didn't encounter any bones levels.
 Total elapsed playing time was 7 hours, 57 minutes and 17 seconds.

Major events:
 Turn
    1: FalseGod the chaotic female orcish Barbarian entered the dungeon
  512: entered the Gnomish Mines
  829: attained the rank of Pillager (level 3)
 2448: reached Mine Town
 2462: attained the rank of Bandit (level 6)
 5961: was bestowed with Cleaver by Set
 7794: was bestowed with Trollsbane by Set
 8660: was bestowed with Werebane by Set
10610: the Oracle has been killed
10972: entered Sokoban
11250: completed 1st Sokoban level
12233: attained the rank of Brigand (level 10)
12721: completed 2nd Sokoban level
13229: read a Discworld novel
14835: killed by a Green-elf, while sleeping

Spells:
 Name                 Level Category     Fail Retention
 light                  1   divination   100%   51%-75%
 detect food            2   divination   100%   51%-75%
 restore ability        4   healing      100%  76%-100%
 jumping                1   escape       100%  76%-100%
 detect unseen          3   divination   100%  76%-100%

Skills:
 Fighting Skills
   bare handed combat [Basic]
   two weapon combat  [Unskilled]
   riding             [Unskilled]
 Weapon Skills
   dagger             [Unskilled]
   axe                [Expert]
   pick-axe           [Unskilled]
   short sword        [Basic]
   broadsword         [Unskilled]
   long sword         [Unskilled]
   two-handed sword   [Unskilled]
   saber              [Unskilled]
   club               [Basic]
   mace               [Unskilled]
   morning star       [Basic]
   flail              [Unskilled]
   hammer             [Unskilled]
   quarterstaff       [Unskilled]
   spear              [Unskilled]
   trident            [Unskilled]
   bow                [Unskilled]
 Spellcasting Skills
   attack spells      [Unskilled]
   escape spells      [Unskilled]

Voluntary challenges:
 Character rerolling was not enabled.
 You never genocided any monsters.
 You never polymorphed an object.
 You never changed form.
 You used no wishes.
 You did not violate any of the special Sokoban rules.
Achievements:
 You entered the Gnomish Mines.
 You attained the rank of Pillager.
 You entered Minetown.
 You attained the rank of Bandit.
 You entered a shop.
 You entered a temple.
 You entered Sokoban.
 You attained the rank of Brigand.
 You read from a Discworld novel.

 The Dungeons of Doom: levels 1 to 10
    Level 1:
    Level 2:
       Stairs down to The Gnomish Mines.
    Level 3:
    Level 4:
    Level 5:
    Level 6:
       Many fountains.
    Level 7: "Vault"
    Level 8: "stash D stairs" <- You were here.
       A scroll shop, a fountain.
       Final resting place for
          you, killed by a Green-elf, while sleeping.
    Level 9:
       Many fountains.
    Level 10:
       A scroll shop.
       Stairs up to Sokoban, level 9.
 The Gnomish Mines: levels 3 to 7
    Level 3:
    Level 4:
    Level 5:
    Level 6:
       Many shops, a temple and an altar to Set, some fountains.
    Level 7:
 Sokoban: levels 9 up to 7
    Level 7:
       Unsolved.
    Level 8:
       Solved.
    Level 9:
       Solved.


Vanquished creatures:
the Oracle
  a watch captain
  a giant mimic
  a large mimic
  a baby purple worm
  a giant mummy
  a warg
  8 small mimics
 an ogre leader
  a gelatinous cube
  a large cat
  2 tengu
 an ochre jelly
  a python
  a carnivorous ape
  2 ettin zombies
  a leather golem
  a soldier
  4 watchmen
  4 giant beetles
  3 quivering blobs
  a cockatrice
  a wolf
  2 winter wolf cubs
  a spotted jelly
  8 leprechauns
  4 iron piercers
  a mumak
  3 giant spiders
  a horse
 an ice vortex
  a vampire bat
  a dwarf mummy
  3 ogres
  4 owlbears
  2 yetis
  a gold golem
  2 werewolves
  a Green-elf
  6 lizards
  3 dingoes
  2 dogs
  2 jaguars
  a blue jelly
  a black unicorn
  6 dust vortices
  a raven
  a gnome mummy
  2 snakes
  5 soldier ants
  a fire ant
  3 wood nymphs
  2 water nymphs
  3 mountain nymphs
  3 rock piercers
  2 rock moles
  3 ponies
  a fog cloud
  2 yellow lights
  a shrieker
  2 violet fungi
  6 gnome leaders
  4 gnomish wizards
  a kobold mummy
  a golden naga hatchling
  4 gray oozes
  a barrow wight
  a ghoul
  8 giant ants
  7 floating eyes
  a kitten
 13 dwarves
  a homunculus
  a kobold leader
  a hill orc
 12 rothes
  5 giant bats
  a monkey
  5 dwarf zombies
  a werejackal
 12 iguanas
  3 acid blobs
  3 gas spores
  4 hobbits
  2 large kobolds
  a hobgoblin
  3 cave spiders
  2 brown molds
  2 yellow molds
  a green mold
  a red mold
 45 gnomes
 18 garter snakes
  2 gnome zombies
  6 geckos
  9 jackals
  4 foxes
  3 kobolds
  2 goblins
  7 sewer rats
 13 grid bugs
  9 bats
  7 lichens
  a kobold zombie
  5 newts
368 creatures vanquished.

No species were genocided or became extinct.

Game over:
                       ----------
                      /          \
                     /    REST    \
                    /      IN      \
                   /     PEACE      \
                  /                  \
                  |     FalseGod     |
                  |     1695 Au      |
                  |   killed by a    |
                  |    Green-elf     |
                  |                  |
                  |                  |
                  |       2026       |
                 *|     *  *  *      | *
        _________)/\\_//(\/(/\)/\//\/|_)_______

Goodbye FalseGod the Barbarian...

You died in The Dungeons of Doom on dungeon level 8 with 25706 points,
and 1695 pieces of gold, after 14835 moves.
You were level 10 with a maximum of 103 hit points when you died.

